 Dungeon Sprint DCSS version 0.31-a0-1074-g0b22e4e0f1 (webtiles) character file.

Game seed: 1333768882097685444

772 rocky1 the Covert (level 7, 0/56 HPs)
             Began as a Hill Orc Brigand on Dec 1, 2023.
             Was a Priest of Cheibriados.
             Killed from afar by a burning bush (14 damage)
             ... with a puff of flame
             ... in the Dungeon (Sprint IV: "Fedhas' Mad Dash").
             The game lasted 00:02:57 (2008 turns).

rocky1 the Covert (Hill Orc Brigand)                Turns: 2008, Time: 00:02:57

Health: 0/56       AC:  3    Str: 20    XL:     7   Next: 83%
Magic:  7/7        EV: 12    Int: 17    God:    Cheibriados [***...]
Gold:   91         SH:  0    Dex: 20    Spells: 6/6 levels left

rFire   . . .        a - +2 dagger
rCold   . . .        (no shield)
rNeg    . . .        b - +0 robe
rPois   .            (no helmet)
rElec   .            c - +0 cloak
rCorr   .            (no gloves)
SInv    .            (no boots)
Will    .....        m - amulet of invisibility {+Inv}
Stlth   ++++++       (no ring)
HPRegen 0.29/turn    (no ring)
MPRegen 0.10/turn

%: no teleportation
@: very slow
A: no striking features
a: Renounce Religion, Evoke Invisibility, Bend Time, Temporal Distortion


You were in the Dungeon.
You worshipped Cheibriados.
Cheibriados was most pleased with you.
You visited 1 branch You collected 91 gold pieces.

Inventory:

Hand Weapons
 a - a +2 dagger (weapon)
Missiles
 d - 10 poisoned darts
 e - 2 curare-tipped darts (quivered)
Armour
 b - a +0 robe (worn)
 c - a +0 cloak (worn)
Jewellery
 m - the amulet of invisibility (around neck) {+Inv}
   (You found it in the Dungeon)

   [amulet of nothing]

   +Inv:      It lets you turn invisible.
Scrolls
 k - a scroll of blinking
Potions
 f - a potion of curing
 g - a potion of heal wounds
 h - a potion of haste
 i - 2 potions of magic
 l - a potion of cancellation {unknown}
 n - a potion of might {unknown}


   Skills:
 - Level 2.7 Fighting
 - Level 3.0 Short Blades
 - Level 2.0 Throwing
 - Level 0.8 Dodging
 + Level 14.4 Stealth
 + Level 5.0 Evocations


You had 6 spell levels left.
You didn't know any spells.
Your spell library was empty.

Dungeon Overview and Level Annotations

Branches:
Dungeon (1/1)

Altars:
Cheibriados
Dithmenos
Elyvilon
Gozag
Hepliaklqana
Kikubaaqudgha
Makhleb
Nemelex Xobeh
Okawaru
Qazlal
Ru
Sif Muna
Trog
Uskayaw
Vehumet
Wu Jian
Xom
Yredelemnul
Zin
The Shining One
Beogh
Jiyva
Lugonu

Shops:
D ![


Message History

You hit the burning bush but do no damage.
The burning bush is moderately damaged.
You hit the burning bush but do no damage.
The burning bush is moderately damaged.
You hit the burning bush but do no damage.
You punch the burning bush, but do no damage.
The burning bush is moderately damaged.
The burning bush throws fire at you. The puff of flame hits you!
You hit the burning bush but do no damage.
The burning bush is moderately damaged.
You hit the burning bush.
The burning bush is moderately damaged.
You hit the burning bush but do no damage.
The burning bush is moderately damaged.
You hit the burning bush but do no damage.
The burning bush is moderately damaged.
The burning bush throws fire at you. The puff of flame hits you!
Your magical contamination has completely faded away.
You hit the burning bush but do no damage.
The burning bush is moderately damaged.
You hit the burning bush but do no damage.
The burning bush is moderately damaged.
You hit the burning bush.
The burning bush is moderately damaged.
The burning bush throws fire at you. The puff of flame hits you!
* * * LOW HITPOINT WARNING * * *
You completely miss the burning bush.
The burning bush is moderately damaged.
You hit the burning bush but do no damage.
The burning bush is moderately damaged.
You hit the burning bush but do no damage.
The burning bush is moderately damaged.
You hit the burning bush but do no damage.
The burning bush is moderately damaged.
The burning bush throws fire at you. The puff of flame hits you!
You die...

#####################
_._._.⌠.#..)...#....#
._._._..'.)#...#...P+
_._._...#..###'##.$=#
._._._..#..##∩∩.@...#
_._._.⌠.#############
#########


You could see a burning bush.

Vanquished Creatures
  2 wandering mushrooms (D)
  3 scorpions (D)
  3 oklob saplings (D)
  2 spriggans (D)
  A river rat (D)
  A rat (D)
12 creatures vanquished.

Notes
Turn   | Place    | Note
-------+----------+-------------------------------------------
     0 | D        | rocky1 the Hill Orc Brigand began the quest for the Orb.
     0 | D        | Reached XP level 1. HP: 18/18 MP: 1/1
    11 | D        | Reached skill level 4 in Stealth
    11 | D        | Reached XP level 2. HP: 25/25 MP: 2/2
   216 | D        | Noticed an oklob sapling
   218 | D        | Killed an oklob sapling
   219 | D        | Reached skill level 6 in Stealth
   219 | D        | Reached XP level 3. HP: 30/30 MP: 3/3
   221 | D        | Noticed a scorpion
   221 | D        | Found the amulet of invisibility {+Inv}
   230 | D        | Killed a scorpion
   231 | D        | Reached skill level 8 in Stealth
   231 | D        | Reached XP level 4. HP: 20/37 MP: 4/4
   612 | D        | Found an opulent altar of Gozag.
   612 | D        | Found a hazy altar of Hepliaklqana.
   612 | D        | Found a burning altar of Makhleb.
   612 | D        | Found a roughly hewn altar of Beogh.
   612 | D        | Found a sparkling altar of Nemelex Xobeh.
   612 | D        | Found a snail-covered altar of Cheibriados.
   612 | D        | Found a sacrificial altar of Ru.
   612 | D        | Found a shimmering blue altar of Sif Muna.
   612 | D        | Found a shimmering altar of Xom.
   612 | D        | Found a basalt altar of Yredelemnul.
   613 | D        | Found a viscous altar of Jiyva.
   613 | D        | Found a bloodstained altar of Trog.
   613 | D        | Found an ornate altar of the Wu Jian Council.
   613 | D        | Noticed an oklob sapling priest
   614 | D        | Found an iron altar of Okawaru.
   614 | D        | Found a shadowy altar of Dithmenos.
   614 | D        | Found a glowing silver altar of Zin.
   615 | D        | Found an ancient bone altar of Kikubaaqudgha.
   615 | D        | Found a hide-covered altar of Uskayaw.
   616 | D        | Found a stormy altar of Qazlal.
   616 | D        | Found a white marble altar of Elyvilon.
   616 | D        | Found a glowing golden altar of the Shining One.
   618 | D        | Found a radiant altar of Vehumet.
   618 | D        | Found a corrupted altar of Lugonu.
   626 | D        | Killed an oklob sapling priest
   627 | D        | Reached skill level 9 in Stealth
   627 | D        | Reached XP level 5. HP: 14/42 MP: 5/5
  1034 | D        | Became a worshipper of Cheibriados the Contemplative
  1046 | D        | Reached skill level 10 in Stealth
  1046 | D        | Reached skill level 1 in Evocations
  1360 | D        | Reached * piety under Cheibriados
  1366 | D        | Reached skill level 11 in Stealth
  1366 | D        | Reached XP level 6. HP: 50/50 MP: 6/6
  1510 | D        | Found Vuoca's Antique Armour Shop.
  1510 | D        | Found Asum's Distillery.
  1521 | D        | Noticed a burning bush
  1521 | D        | Noticed a wandering mushroom
  1522 | D        | Noticed a wandering mushroom
  1524 | D        | Killed a wandering mushroom
  1524 | D        | Reached ** piety under Cheibriados
  1525 | D        | Reached skill level 13 in Stealth
  1525 | D        | Reached XP level 7. HP: 56/56 MP: 7/7
  1526 | D        | Killed a wandering mushroom
  1527 | D        | Reached skill level 14 in Stealth
  1969 | D        | Reached *** piety under Cheibriados
  1970 | D        | Reached skill level 5 in Evocations
  2008 | D        | Killed from afar by a burning bush

Illustrated notes

Levels and vault maps discovered:
D:        dungeon_sprint_fedhas [sprint_temple]

Skill      XL: |  1  2  3  4  5  6  7 |
---------------+----------------------+-----
Short Blades   | 3 |  3.0
Throwing       | 2 |  2.0
Stealth        | 4 6 8 9 11 13 14 | 14.4
Evocations     | 2 3 5 |  5.0
Fighting       | |  2.7
Dodging        | |  0.8

Action                     |  1- 3 |  4- 6 |  7- 9 || total
---------------------------+-------+-------+-------++-------
  Melee: Dagger            |     8 |    14 |    39 ||    61
         Punch             |       |       |     4 ||     4
  Throw: Dart              |     4 |       |       ||     4
Ability: Evoke Invisibilit |       |     3 |     1 ||     4
    Use: Potion            |       |     1 |       ||     1
   Stab: Sleeping          |     2 |     2 |     2 ||     6
         Invisible         |       |     3 |       ||     3
 Armour: Robe              |     7 |     5 |     9 ||    21
  Dodge: Dodged            |     2 |     3 |       ||     5

Table legend: (Time is in decaauts)
 A = Elapsed time spent in this place.
 B = Non-inter-level travel time spent in this place.
 C = Inter-level travel time spent in this place.
 D = Time resting spent in this place.
 E = Time spent auto-exploring this place.
 F = Levels seen in this place.
 G = Mean time per level.
                   A        B        C        D        E       F      G
               +--------+--------+--------+--------+--------+-----+--------+
         Total |   2034 |   2034 |      0 |   1783 |      0 |   1 | 2034.0 |
       Dungeon |   2034 |   2034 |      0 |   1783 |      0 |   1 | 2034.0 |
               +--------+--------+--------+--------+--------+-----+--------+

Top non-repeatable levels by time:
       D: 2034 daAuts
